 Dungeon Crawl Stone Soup version 0.24-a0-235-g3f03afcf10 (webtiles) character file.

Game seed: 10263683356225366526

86 MrRokkomies the Ducker (level 4, 0/18 HPs)
             Began as a Spriggan Air Elementalist on Apr 5, 2019.
             Killed by nerve-wracking pain
             ... invoked by an orc priest
              (6 damage)
             ... on level 3 of the Dungeon.
             The game lasted 00:09:44 (1668 turns).

MrRokkomies the Ducker (Spriggan Air Elementalist)  Turns: 1668, Time: 00:10:01

Health: 0/18       AC:  2    Str:  4    XL:     4   Next: 26%
Magic:  5/9        EV: 19    Int: 17    God:
Gold:   81         SH:  0    Dex: 16    Spells: 4/8 levels left

rFire    + . .     SeeInvis +   d - +3 short sword (vamp)
rCold    + . .     Gourm    .   (shield restricted)
rNeg     . . .     Faith    .   a - +0 robe
rPois    .         Spirit   .   n - +0 hat
rElec    .         Reflect  .   (no cloak)
rCorr    .         Harm     .   (gloves unavailable)
MR       .....                  (boots unavailable)
Stlth    ++........             f - amulet of regeneration
HPRegen  0.46/turn              (no ring)
MPRegen  0.11/turn              (no ring)

@: very quick
A: very small, unfitting armour, see invisible, cold resistance 1, fire
resistance 1, herbivore, speed 3, frail 1, slow metabolism 2
a: no special abilities


You were on level 3 of the Dungeon.
You were not hungry.

You visited 1 branch of the dungeon, and saw 3 of its levels.

You collected 81 gold pieces.

Inventory:

Hand Weapons
 b - a +0 spear
 c - a +2 vampiric whip
 d - a +3 vampiric short sword (weapon)
Armour
 a - a +0 robe (worn)
 n - a +0 hat (worn)
Jewellery
 e - an uncursed amulet of rage
 f - an amulet of regeneration (around neck)
Scrolls
 h - 2 scrolls of magic mapping
 i - a scroll of immolation
 m - a scroll of identify
Potions
 g - 2 potions of curing
 j - a potion of flight {unknown}
 k - a potion of heal wounds {unknown}
 l - a potion of brilliance {unknown}


   Skills:
 + Level 3.9 Dodging
 - Level 3.0 Stealth
 - Level 2.6 Spellcasting
 * Level 2.0 Conjurations
 * Level 3.6 Air Magic


You had 4 spell levels left.
You knew the following spells:

 Your Spells              Type           Power        Failure   Level  Hunger
a - Shock                 Conj/Air       ##..         6%          1    #......
b - Static Discharge      Conj/Air       ##......     17%         3    ###....

Your spell library contained the following spells:

 Spells                   Type           Power        Failure   Level  Hunger
 Swiftness                Chrm/Air       #.......     13%         2    ##.....
 Airstrike                Air            ##........   38%         4    #####..
 Lightning Bolt           Conj/Air       ##........   85%         5    ######.


Dungeon Overview and Level Annotations

Branches:
Dungeon (3/15)

Altars:
Zin


Innate Abilities, Weirdness & Mutations

You are very small and have problems with some larger weapons.
You are too small for most types of armour.
You have supernaturally acute eyesight. (SInv)
You are a herbivore.
You cover ground extremely quickly.
You need to consume almost no food.
Your flesh is cold resistant. (rC+)
Your flesh is heat resistant. (rF+)
You are frail. (-10% HP)


Message History

Confirm with . or Enter, or press ? or * to list all spells.
Aiming: Shock (safe; 6% risk of failure)
Press: ? - help, Shift-Dir - straight line, f - orc wizard
Aim: an orc wizard, wielding a +0 dagger and wearing a +0 robe The zap hits the orc priest.
The orc priest is heavily wounded.
The zap hits the orc wizard.
The orc wizard is lightly wounded.
Casting: Shock (safe; 6% risk of failure)
Confirm with . or Enter, or press ? or * to list all spells.
Aiming: Shock (safe; 6% risk of failure)
Press: ? - help, Shift-Dir - straight line, f/p - orc wizard
Aim: an orc wizard, wielding a +0 dagger and wearing a +0 robe (lightly wounded)
The zap hits the orc priest.
The orc priest is severely wounded.
The zap hits the orc wizard.
The orc wizard is heavily wounded.
The orc priest calls down the wrath of Beogh upon you.
Pain shoots through your body!
You die...

.....#............#
.....#.###........###
.....................
.....#####(.......##
.....# ##)....$..#
..)..# #........##
.....####.#####..#
.................#
.........######.@#
......### ##)#
........# ##o
......#.... )#
.......##.. ..
.....#...# #o#
########.# .# # .$


You could see an orc priest and an orc wizard.

Vanquished Creatures
  2 adders
  An ooze (D:3)
  5 dart slugs
  A leopard gecko (D:1)
  3 orcs (D:3)
  A giant cockroach (D:2)
  5 goblins
  11 hobgoblins
  3 jackals (D:1)
  A quokka (D:2)
  4 bats
  2 frilled lizards
  5 kobolds
  5 rats
49 creatures vanquished.

Notes
Turn   | Place    | Note
-------+----------+-------------------------------------------
     0 | D:1      | MrRokkomies the Spriggan Air Elementalist began the quest
                  | for the Orb.
     0 | D:1      | Reached XP level 1. HP: 9/9 MP: 5/5
   248 | D:1      | Reached skill level 1 in Conjurations
   260 | D:1      | Reached XP level 2. HP: 13/13 MP: 6/6
   725 | D:1      | Reached XP level 3. HP: 16/16 MP: 8/8
   763 | D:1      | Learned a level 3 spell: Static Discharge
   764 | D:1      | Gained mutation: You are frail. (-10% HP) [potion of
                  | mutation]
   764 | D:1      | Gained mutation: Your flesh is heat resistant. (rF+)
                  | [potion of mutation]
   764 | D:1      | Gained mutation: Your flesh is cold resistant. (rC+)
                  | [potion of mutation]
   919 | D:2      | Found a glowing silver altar of Zin.
  1533 | D:3      | Reached XP level 4. HP: 10/18 MP: 5/9
  1668 | D:3      | Killed from afar by an orc priest

Levels and vault maps discovered:
D:1:      psy_arrival_statuary, layout_rooms
D:2:      layout_basic, nicolae_overflow_crystal_walls, minmay_misc_feat_alley
D:3:      layout_rooms, lemuel_round_altar, uniq_robin

Skill      XL: |  1  2  3  4 |
---------------+-------------+-----
Conjurations   | 1 2 |  2.0
Air Magic      | 3 |  3.6
Dodging        | |  3.9
Stealth        | |  3.0
Spellcasting   | |  2.6

Action                   |  1- 3 |  4- 6 || total
-------------------------+-------+-------++-------
Melee: Spear             |    73 |       ||    73
       Short sword       |    49 |    10 ||    59
 Cast: Shock             |    23 |     6 ||    29
       Static Discharge  |       |     2 ||     2
  Use: Scroll            |     6 |       ||     6
       Potion            |     1 |       ||     1
 Stab: Sleeping          |     8 |       ||     8
       Distracted        |     1 |       ||     1
  Eat: Ration            |     2 |       ||     2
Armor: Robe              |    13 |       ||    13
Dodge: Dodged            |    90 |     7 ||    97

Table legend:
 A = Non-vault XP
 B = Vault XP
 C = Vault XP percentage of total XP
 D = Non-vault monster count
 E = Vault monster count
 F = Vault count percentage of total count
                 A         B        C        D         E       F
            +---------+---------+-------+---------+---------+-------
      Total |     123 |       0 |   0.0 |      49 |       0 |   0.0
            +---------+---------+-------+---------+---------+-------
        D:1 |      42 |       0 |   0.0 |      22 |       0 |   0.0
        D:2 |      47 |       0 |   0.0 |      19 |       0 |   0.0
        D:3 |      34 |       0 |   0.0 |       8 |       0 |   0.0
            +---------+---------+-------+---------+---------+-------
